 Dungeon Crawl Stone Soup version 0.27-a0-1595-g0b823d0a13 (webtiles) character file.

Game seed: 5211987746872368588

23 quinnr the Gusty (level 3, -6/19 HPs)
             Began as a Tengu Air Elementalist on July 20, 2021.
             Mangled by a phantom (8 damage)
             ... on level 1 of the Dungeon.
             The game lasted 00:07:08 (2122 turns).

quinnr the Gusty (Tengu Air Elementalist)           Turns: 2122, Time: 00:07:09

Health: -6/19      AC:  2    Str:  8    XL:     3   Next: 0%
Magic:  3/8        EV: 12    Int: 16    God:
Gold:   35         SH:  0    Dex: 14    Spells: 6/7 levels left

rFire    . . .     SeeInvis .   c - +4 hunting sling
rCold    . . .     Faith    .   (no shield)
rNeg     . . .     Spirit   .   a - +0 robe
rPois    .         Reflect  .   (helmet restricted)
rElec    .         Harm     .   (no cloak)
rCorr    .         Rampage  .   (no gloves)
Will     .....                  (boots unavailable)
Stlth    ++........             (no amulet)
HPRegen  0.06/turn              (no ring)
MPRegen  0.11/turn              (no ring)

@: no status effects
A: beak, talons 3
a: no special abilities


You were on level 1 of the Dungeon.
You visited 1 branch of the dungeon, and saw 2 of its levels.

You collected 35 gold pieces.

Inventory:

Hand Weapons
 c - a +4 hunting sling (weapon)
 f - a +0 dagger of venom
Missiles
 e - a stone (quivered ammo)
Armour
 a - a +0 robe (worn)
Scrolls
 b - a scroll of amnesia {unknown}
 d - a scroll of noise {unknown}


   Skills:
 - Level 2.1 Dodging
 - Level 2.0 Stealth
 + Level 2.9 Spellcasting
 - Level 1.3 Conjurations
 * Level 4.4 Air Magic


You had 6 spell levels left.
You knew the following spells:

 Your Spells              Type           Power      Damage    Failure   Level
a - Shock                 Conj/Air       44%        1d5       6%          1

Your spell library contained the following spells:

 Spells                   Type           Power      Damage    Failure   Level
 Static Discharge         Conj/Air       11%        N/A       9%          2
 Swiftness                Air            16%        N/A       9%          3
 Airstrike                Air            8%         N/A       30%         4
 Gell's Gravitas          Tloc           1%         N/A       50%         3
 Teleport Other           Tloc           2%         N/A       50%         3
 Dispersal                Tloc           1%         N/A       100%        6


Dungeon Overview and Level Annotations

Branches:
Dungeon (2/15)

Altars:


Innate Abilities, Weirdness & Mutations

You have a beak for a mouth.
You have claws for feet.


Message History

The phantom is heavily damaged.
The zap misses the phantom.
The phantom barely misses you.
Unknown command.
Casting: Shock (safe; 6% risk of failure)
Confirm with . or Enter, or press ? or * to list all spells.
Aiming: Shock (safe; 6% risk of failure)
Press: ? - help, Shift-Dir - straight line The zap hits the phantom.
The phantom is severely damaged.
The zap hits the phantom.
The phantom is severely damaged.
The phantom barely misses you.
Okay, then.
There is an open door here.
Search for what [Enter for "stone", or ? for help]? stone
Things that are here:
4 stones; a +0 dagger
e - 4 stones The phantom closely misses you.
Unknown command.
Fire: 4 stones
Press: ? - help, Q - select action, (/) - cycle Shift-Dir - straight line, f - phantom
Aim: a phantom (severely damaged, 53% to hit)
You shoot a stone. The stone hits the phantom.
The phantom is severely damaged.
The phantom hits you.
* * * LOW HITPOINT WARNING * * *
Fire: 3 stones
Press: ? - help, Q - select action, (/) - cycle Shift-Dir - straight line, f/p - phantom
Aim: a phantom (severely damaged, 53% to hit)
You shoot a stone. The stone hits the phantom.
The phantom is almost destroyed.
The phantom barely misses you.
Fire: 2 stones
Press: ? - help, Q - select action, (/) - cycle Shift-Dir - straight line, f/p - phantom
Aim: a phantom (almost destroyed, 53% to hit)
You shoot a stone. The stone hits the phantom.
The phantom is almost destroyed.
The phantom hits you!
You die...

#.# ##### ##.##########....
#........##...### #........##...#
##........##...###
#.................
#.................
#...(.............
########@#.....###.......
#.......W####.####.......
#........................
#........................
##############....##....####.....
........................# #.....
##############..###....♣♣♣ #.....
##############..###...♣..♣♣#.....
......................♣♣..♣♣.....


You could see a phantom.

Vanquished Creatures
  3 dart slugs
  2 endoplasms (D:1)
  2 goblins (D:2)
  A hobgoblin (D:1)
  A kobold (D:1)
  A quokka (D:1)
  A ball python (D:1)
  4 bats (D:1)
  2 rats
17 creatures vanquished.

Notes
Turn   | Place    | Note
-------+----------+-------------------------------------------
     0 | D:1      | quinnr the Tengu Air Elementalist began the quest for the
                  | Orb.
     0 | D:1      | Reached XP level 1. HP: 10/10 MP: 4/4
     0 | D:1      | Upgraded the game from 0.27-a0-1591-gc56fcc985a to
                  | 0.27-a0-1595-g0b823d0a13
   432 | D:1      | Reached XP level 2. HP: 15/15 MP: 1/6
   572 | D:1      | Found a faded altar of an unknown god.
  1237 | D:2      | Noticed a phantom
  1290 | D:1      | HP: 1/15 [phantom (2)]
  2029 | D:2      | Reached XP level 3. HP: 19/19 MP: 2/8
  2120 | D:1      | HP: 1/19 [phantom (6)]
  2122 | D:1      | Mangled by a phantom

Illustrated notes

Levels and vault maps discovered:
D:1:      minmay_arrival_nine_rooms, layout_basic,
          shapermc_ecumenical_altar_totnotflames, minmay_misc_feat_x,
          minmay_pentomino_z4
D:2:      layout_basic, serial_shops, shop, uniq_crazy_yiuf_cottage

Action                   || total
-------------------------++-------
Melee: Unarmed           ||     3
       Kick              ||     2
 Fire: Hunting sling     ||     3
 Cast: Shock             ||    50
  Use: Scroll            ||     1
       Potion            ||     1
Armor: Robe              ||     2
Dodge: Dodged            ||    19

Table legend: (Time is in decaauts)
 A = Elapsed time spent in this place.
 B = Non-inter-level travel time spent in this place.
 C = Inter-level travel time spent in this place.
 D = Time resting spent in this place.
 E = Time spent auto-exploring this place.
 F = Levels seen in this place.
 G = Mean time per level.
                   A        B        C        D        E       F      G
               +--------+--------+--------+--------+--------+-----+--------+
         Total |   2123 |   2040 |     83 |    227 |   1228 |   2 | 1061.5 |
       Dungeon |   2123 |   2040 |     83 |    227 |   1228 |   2 | 1061.5 |
               +--------+--------+--------+--------+--------+-----+--------+

Top non-repeatable levels by time:
     D:1: 1604 daAuts
     D:2: 518 daAuts
